Match 45966537
Unlisted

Match 45966537
End
Construct Weapon Support Center
Selects Airborne Battlegroup
Selects Heavy Machine Gun Paradrop
Selects Smoke Bombing Run
Heavy Machine Gun Paradrop
Bazooka Squad
Engineer Squad
Heavy Machine Gun Paradrop
Smoke Bombing Run
Bazooka Squad
Heavy Machine Gun Paradrop
Engineer Squad
Selects Paratrooper Squad Paradrop
Improved M9 Bazooka Rockets
Paratrooper Squad Paradrop
.30 cal Machine Gun
Smoke Bombing Run
Paratrooper Squad Paradrop
Smoke Bombing Run
Heavy Machine Gun Paradrop
Mechanized Support Center
Selects Supply Drop
Construct Medical Station
Supply Drop
Selects Anti-tank Gun Team Paradrop
Anti-tank Gun Team Paradrop
Smoke Bombing Run
Anti-tank Gun Team Paradrop
Construct Tank Depot
M4(105) Sherman Bulldozer
Smoke Bombing Run
Selects Carpet Bombing Run
Carpet Bombing Run
Anti-tank Gun Team Paradrop
M3 Armored Personnel Carrier
Improvised Armor
M4A1 Sherman Medium Tank
Paratrooper Squad Paradrop
M4A1 76mm Conversion
Designate Forward Repair Station
Supply Drop
M18 Hellcat Tank Destroyer
Heavy Machine Gun Paradrop
Carpet Bombing Run
Paratrooper Squad Paradrop
M18 Hellcat Tank Destroyer
Supply Drop
Heavy Machine Gun Paradrop
Paratrooper Squad Paradrop
Carpet Bombing Run
Supply Drop
M4A1(76) Sherman Medium Tank
Carpet Bombing Run
Engineer Squad
Supply Drop
Heavy Machine Gun Paradrop
Carpet Bombing Run
dinamix.fr
seb
BMW0013
Sandman
Rebecca Pie
SODA
winter
schorrock
0
0

Comments sign in to comment!

No comments posted yet!